 Dungeon Crawl Stone Soup version 0.32-a0-791-gfc315c9ecd (webtiles) character file.

Game seed: 8933012014566691242

121 Kenran the Ruffian (level 4, -4/33 HPs)
             Began as a Minotaur Ice Elementalist on Mar 20, 2024.
             Was a Believer of Uskayaw.
             Slain by Sigmund
             ... wielding a +0 scythe
              (7 damage)
             ... on level 3 of the Dungeon.
             The game lasted 00:03:11 (1309 turns).

Kenran the Ruffian (Minotaur Ice Elementalist)      Turns: 1309, Time: 00:03:12

Health: -4/33      AC:  9    Str: 15    XL:     4   Next: 76%
Magic:  5/5        EV:  8    Int: 12    God:    Uskayaw [**....]
Gold:   77         SH:  0    Dex: 10    Spells: 4/5 levels left

rFire   . .          .
                       - Unarmed
rCold   . . .        h - +2 buckler
rNeg    . . .        i - +0 scale mail
rPois   .            (helmet restricted)
rElec   .            (no cloak)
rCorr   .            f - +2 pair of gloves
SInv    .            (no boots)
Will    .....        (no amulet) Stlth
                     (no ring)
HPRegen 0.25/turn    (no ring)
MPRegen 0.09/turn

%: no passive effects
@: confused
A: horns 2, retaliatory headbutt
a: Renounce Religion, Stomp, Line Pass


You were on level 3 of the Dungeon.
You worshipped Uskayaw.
Uskayaw was noncommittal.
You visited 1 branch of the dungeon, and saw 3 of its levels.

You collected 77 gold pieces.

Inventory:

Armour
 f - a +2 pair of gloves (worn)
 h - a +2 buckler (worn)
 i - a +0 scale mail (worn)
Scrolls
 a - a scroll of teleportation
 d - a scroll of torment {unknown}
 e - a scroll of revelation {unknown}
Potions
 b - a potion of magic


   Skills:
 - Level 2.1 Dodging
 - Level 1.5 Stealth
 + Level 4.9 Unarmed Combat
 - Level 1.3 Spellcasting
 - Level 2.9 Ice Magic


You had 4 spell levels left.
You knew the following spells:

 Your Spells              Type           Power      Damage    Failure   Level
a - Freeze                Ice            28%        1d5       45%         1

Your spell library contained the following spells:

 Spells                   Type           Power      Damage    Failure   Level
 Frozen Ramparts          Ice            14%        1d3       83%         3
 Ozocubu's Armour         Ice            7%         N/A       83%         3
 Magic Dart               Conj           0%         1d3       86%         1
 Searing Ray              Conj           0%         2d4       94%         2
 Summon Ice Beast         Ice/Summ       4%         N/A       95%         3
 Fulminant Prism          Conj/Alch      0%         3d5       100%        4


Dungeon Overview and Level Annotations

Branches:
Dungeon (3/15)

Altars:
Uskayaw

Annotations:
D:2 Terence
D:3 3 runed translucent doors, RedFox's ghost, amateur MDFi; Sigmund


Innate Abilities, Weirdness & Mutations

You have a pair of horns on your head.
You reflexively headbutt those who attack you in melee.


Message History

You miss something. Your headbutt misses something.
Something hits you but does no damage.
You miss something. Your headbutt misses something. You barely miss something.
Your headbutt misses something.
You hear some strange, mumbled words.
A puff of flame appears from out of thin air!
The puff of flame hits you but does no damage.
You miss something.
You hear some strange, mumbled words.
A magic dart appears from out of thin air!
The magic dart hits you!
You closely miss something. Something hits you but does no damage.
You barely miss something. Your headbutt misses something. You hit something.
You hear some strange, mumbled words.
A magic dart appears from out of thin air!
The magic dart hits you!
You miss something.
You hear some strange, mumbled words.
A magic dart appears from out of thin air!
The magic dart hits you.
You hit something but do no damage. Your headbutt misses something.
Something hits you but does no damage.
You hit something. Your headbutt misses something.
You hear some strange, mumbled words.
You are confused.
You can now pass through a line of other dancers.
You're too confused to move!
Something hits you but does no damage.
You punch something!
You hear some strange, mumbled words.
A puff of flame appears from out of thin air!
The puff of flame hits you!
* * * LOW HITPOINT WARNING * * *
You hear some strange, mumbled words.
A magic dart appears from out of thin air!
The magic dart hits you.
* * * LOW HITPOINT WARNING * * *
You miss something. Something hits you!
You die...
Your body falls in perfect tune with the rhythm.

############
##..........##
##............##
#........[!....#
#..............#
#..............#
#.......{......#
#.....$..@.....#
##............##
##..........##
##.....#####
#.###.# ... #.#
.### #.# #.#
##.#


There were no monsters in sight!

Vanquished Creatures
  A bombardier beetle (D:3)
  Natasha (D:3)
  An adder (D:3)
  A ribbon worm (D:3)
  3 dart slugs
  2 orcs (D:3)
  4 ball pythons
  3 endoplasms
  2 giant cockroaches
  7 hobgoblins
  2 jackals (D:1)
  2 quokkas
  6 bats (D:1)
  2 frilled lizards (D:3)
  4 goblins
  3 kobolds
  2 rats
46 creatures vanquished.

Notes
Turn   | Place    | Note
-------+----------+-------------------------------------------
     0 | D:1      | Kenran the Minotaur Ice Elementalist began the quest for
                  | the Orb.
     0 | D:1      | Reached XP level 1. HP: 14/14 MP: 1/1
    19 | D:1      | Reached skill level 1 in Unarmed Combat
   176 | D:1      | Reached skill level 2 in Unarmed Combat
   176 | D:1      | Reached XP level 2. HP: 16/20 MP: 3/3
   562 | D:1      | Reached skill level 3 in Unarmed Combat
   581 | D:1      | Reached XP level 3. HP: 26/26 MP: 4/4
   874 | D:2      | Noticed Terence
  1013 | D:3      | Found a hide-covered altar of Uskayaw.
  1058 | D:3      | Became a worshipper of Uskayaw the Reveller
  1066 | D:3      | Noticed Natasha
  1071 | D:3      | Reached * piety under Uskayaw
  1073 | D:3      | Killed Natasha
  1073 | D:3      | Reached ** piety under Uskayaw
  1074 | D:3      | Reached skill level 4 in Unarmed Combat
  1074 | D:3      | Reached XP level 4. HP: 29/33 MP: 5/5
  1172 | D:3      | Found a runed translucent gate.
  1173 | D:3      | Found a runed translucent gate.
  1174 | D:3      | Found a runed translucent gate.
  1174 | D:3      | Noticed RedFox's ghost (amateur MDFi)
  1277 | D:3      | Noticed Sigmund
  1309 | D:3      | Slain by Sigmund

Illustrated notes

Levels and vault maps discovered:
D:1:      shiori_arrival_maze, layout_loops_ring
D:2:      layout_loops_ring, chequers_serial_rivers_micro_b, uniq_terence
D:3:      layout_rooms, mainiacjoe_overflow_small_starburst,
          mainiacjoe_overflow_concentric_impassable,
          nicolae_overflow_hidden_temple,
          shapermc_ecumenical_altar_mp_urbaneastern, gammafunk_ghost_split,
          uniq_grinder, uniq_sigmund, uniq_natasha

Skill      XL: |  1  2  3 |
---------------+----------+-----
Unarmed Combat | 2 3 4 |  4.9
Dodging        | |  2.1
Stealth        | |  1.5
Spellcasting   | |  1.3
Ice Magic      | |  2.9

Action                     |  1- 3 |  4- 6 || total
---------------------------+-------+-------++-------
  Melee: Unarmed           |    89 |    45 ||   134
         Headbutt          |    10 |     4 ||    14
         Punch             |     2 |       ||     2
    Use: Scroll            |     3 |       ||     3
         Potion            |     2 |     1 ||     3
 Armour: Robe              |    26 |       ||    26
         Ring mail         |    38 |     4 ||    42
         Scale mail        |       |    24 ||    24
  Dodge: Dodged            |    49 |     8 ||    57
  Block: Buckler           |       |     7 ||     7

Table legend: (Time is in decaauts)
 A = Elapsed time spent in this place.
 B = Non-inter-level travel time spent in this place.
 C = Inter-level travel time spent in this place.
 D = Time resting spent in this place.
 E = Time spent auto-exploring this place.
 F = Levels seen in this place.
 G = Mean time per level.
                   A        B        C        D        E       F      G
               +--------+--------+--------+--------+--------+-----+--------+
         Total |   1302 |   1297 |      5 |    183 |    655 |   3 |  434.0 |
       Dungeon |   1302 |   1297 |      5 |    183 |    655 |   3 |  434.0 |
               +--------+--------+--------+--------+--------+-----+--------+

Top non-repeatable levels by time:
     D:1: 739 daAuts
     D:3: 407 daAuts
     D:2: 155 daAuts
